 Dungeon Crawl Stone Soup version 0.28.0-53-g5a82cb258f (webtiles) character file.

Game seed: 15845978091998375157

23 ILmort the Magician (level 3, -2/25 HPs)
             Began as a Djinni Fire Elementalist on Aug 13, 2022.
             Frozen to death by an endoplasm (6 damage)
             ... on level 2 of the Dungeon.
             The game lasted 00:05:09 (1622 turns).

ILmort the Magician (Djinni Fire Elementalist)      Turns: 1622, Time: 00:05:10

Health: -2/25      AC:  2    Str:  7    XL:     3   Next: 12%
Gold:   23         EV: 12    Int: 18    God:
                   SH:  0    Dex: 13

rFire   + + .      SeeInvis .   c - +0 dagger
rCold   x . .      Faith    .   (no shield)
rNeg    . . .      Spirit   .   a - +0 robe
rPois   ∞          Reflect  .   (no helmet)
rElec   .          Harm     .   (no cloak)
rCorr   .          Rampage  .   (no gloves)
Will    .....                   (boots unavailable)
Stlth   ++........              (no amulet)
HPRegen 0.08/turn               (no ring)
MPRegen 0.00/turn               (no ring)

@: about to teleport, flying
A: sickness immunity, fire resistance 2, cold vulnerability 1, float, innate
caster, HP casting, extra vitality 1
a: no special abilities


You were on level 2 of the Dungeon.
You visited 1 branch of the dungeon, and saw 2 of its levels.

You collected 23 gold pieces.

Inventory:

Hand Weapons
 c - a +0 dagger (weapon)
Armour
 a - a +0 robe (worn)
Scrolls
 f - a scroll of fear {unknown}
 j - 2 scrolls of enchant weapon {unknown}
Potions
 e - 2 potions of curing
 g - a potion of flight {unknown}
 h - a potion of heal wounds {unknown}
 i - a potion of degeneration {unknown}


   Skills:
 - Level 2.1 Dodging
 - Level 1.5 Stealth
 + Level 3.2 Spellcasting


You couldn't memorise any spells.
You knew the following spells:

 Your Spells              Type           Power      Damage    Failure   Level
a - Foxfire               Conj/Fire      56%        2x1d6     4%          1
b - Scorch                Fire           28%        2d6       6%          2
c - Conjure Flame         Conj/Fire      14%        6-21      13%         3
d - Inner Flame           Hex/Fire       14%        N/A       13%         3
e - Flame Wave            Conj/Fire      14%        2d6       38%         4
f - Magic Dart            Conj           56%        1d5       4%          1
Your spell library was empty.

Dungeon Overview and Level Annotations

Branches:
Dungeon (2/15)

Altars:
Hepliaklqana


Innate Abilities, Weirdness & Mutations

You are immune to sickness and miasma.
You are immune to poison.
Your flesh is very heat resistant. (rF++)
You are vulnerable to cold. (rC-)
You float through the air rather than walking.
You learn spells naturally, not from books.
Your magical power is your life essence.
You have superior vitality. (+4 MHP)


Message History

You conjure some foxfire!
The foxfire hits the bat.
You kill the bat!
The bat hits you. The jackal misses you. The bat hits you but does no damage.
The endoplasm hits you but does no damage.
Casting: Foxfire (safe; 4% risk of failure)
You conjure some foxfire!
The foxfire hits the jackal.
The bat barely misses you. The bat closely misses you.
The jackal closely misses you. The jackal bites you.
The endoplasm barely misses you.
The foxfire hits the endoplasm.
The jackal bites you but does no damage.
The quokka closely misses you. The endoplasm freezes you.
You are frozen.
You feel a terrible chill! The bat misses you.
Your magical contamination has completely faded away.
Casting: Foxfire (safe; 4% risk of failure)
You conjure some foxfire!
The bat barely misses you. The quokka bites you.
* * * LOW HITPOINT WARNING * * *
The jackal barely misses you.
The endoplasm hits you but does no damage.
Casting: Foxfire (safe; 4% risk of failure)
There is not enough space to conjure foxfire!
As you read the scroll labelled UPOBIEHIAFF, it crumbles to dust.
You feel strangely unstable.
It was a scroll of teleportation.
The foxfire hits the jackal.
You kill the jackal!
The jackal completely misses you. The quokka bites you.
* * * LOW HITPOINT WARNING * * *
The jackal barely misses you. The jackal bites you.
* * * LOW HITPOINT WARNING * * *
The endoplasm hits you.
* * * LOW HITPOINT WARNING * * *
As you read the scroll labelled VUGASHR DOEDABE, it crumbles to dust.
It is a scroll of identify.
e - 2 potions of curing The jackal closely misses you.
The quokka completely misses you.
The jackal misses you. x2; The quokka misses you.
The endoplasm freezes you.
You are frozen.
You feel a terrible chill!
You die...

#..........#
#)..........
#.........#.
#........... #.........#
#...b.....#
#.†hJh....#########
#...@r........#....
###$###.............
##..###.###.............
..................[.....
###.##..................
#.#.......>...........
#.#..###..†...........
#...>###..............
###.....................


You could see an endoplasm, a quokka, 2 jackals and a bat.

Vanquished Creatures
  A dart slug (D:1)
  8 bats
  2 endoplasms
  A giant cockroach (D:2)
  A goblin (D:1)
  A hobgoblin (D:1)
  A jackal (D:2)
  3 frilled lizards
  3 rats
21 creatures vanquished.

Vanquished Creatures (others)
  61 foxfires
  A plant (D:2)
62 creatures vanquished.

Grand Total: 83 creatures vanquished

Notes
Turn   | Place    | Note
-------+----------+-------------------------------------------
     0 | D:1      | ILmort the Djinni Fire Elementalist began the quest for the
                  | Orb.
     0 | D:1      | Reached XP level 1. HP: 15/15 MP: 0/0
   504 | D:1      | Reached XP level 2. HP: 19/21 MP: 0/0
   839 | D:1      | Reached skill level 3 in Spellcasting
  1383 | D:2      | Found a hazy altar of Hepliaklqana.
  1424 | D:2      | Found a faded altar of an unknown god.
  1459 | D:2      | Reached XP level 3. HP: 19/25 MP: 0/0
  1459 | D:2      | Learned a level 1 spell: Magic Dart
  1622 | D:2      | Frozen to death by an endoplasm

Illustrated notes

Levels and vault maps discovered:
D:1:      minmay_arrival_diagonal_passages, layout_loops_corners,
          minmay_misc_feat_room, amethyst_killhole, minmay_surrounded
D:2:      layout_rooms, basic_altar, basic_ecumenical_altar,
          serial_bayou_crossing

Skill      XL: |  1  2 |
---------------+-------+-----
Spellcasting   | 3 |  3.2
Dodging        | |  2.1
Stealth        | |  1.5

Action                   || total
-------------------------++-------
Melee: Unarmed           ||     1
       Dagger            ||     1
 Cast: Foxfire           ||    45
  Use: Scroll            ||     2
Armor: Robe              ||     8
Dodge: Dodged            ||    25
